 Dungeon Crawl Stone Soup version 0.30.0 (webtiles) character file.

Game seed: 5100199498426763927

138703 BuckSanders the Thaumaturge (level 17, -9/80 HPs)
             Began as a Gargoyle Earth Elementalist on Aug 11, 2023.
             Was a High Priest of Sif Muna.
             Mangled by a redback (10 damage)
             ... summoned by a broodmother
             ... on level 2 of the Spider Nest on Aug 18, 2023.
             The game lasted 11:39:53 (50677 turns).

BuckSanders the Thaumaturge (GrEE)                 Turns: 50677, Time: 11:39:53

Health: -9/80      AC: 21    Str: 17      XL:     17   Next: 26%
Magic:  14/42      EV: 11    Int: 38 (39) God:    Sif Muna [*****.]
Gold:   2693       SH: 11    Dex: 11 (13) Spells: 3/41 levels left

rFire   . . .        M - staff of poison "Rireste" {rPois Int+7}
rCold   . . .        B - +2 buckler
rNeg    + + .        D - +0 leather armour of Creativity {*Corrode rElec rN+ Will+}
rPois   ∞            I - +1 helmet {Int+3}
rElec   +            q - +2 cloak {Will+}
rCorr   +            l - +2 pair of gloves
SInv    .            r - +1 pair of boots
Will    +++..        i - amulet "Leithaq" {Reflect rCorr Str+4 SH+5}
Stlth   ++           Q - ring of magical power
HPRegen 0.33/turn    a - ring of Bupoerr {Int+6 Dex+3}
MPRegen 0.28/turn

%: corrode self (3%), reflection
@: about to teleport, corroded, flying
A: sickness immunity, AC +12, big wings, negative energy resistance 1,
electricity resistance, torment resistance 1, petrification resistance
a: Renounce Religion, Channel Magic, Forget Spell, Divine Exegesis


You were on level 2 of the Spider Nest.
You worshipped Sif Muna.
Sif Muna was extremely pleased with you.
You visited 6 branches of the dungeon, and saw 26 of its levels.

You collected 4644 gold pieces.
You spent 1951 gold pieces at shops.

Inventory:

Armour
 d - the +2 robe of the Other World {Int+4 Dex-4}
   (You found it on level 13 of the Dungeon)

   Int:       It affects your intelligence (+4).
   Dex:       It affects your dexterity (-4).
 l - a +2 pair of gloves (worn)
 q - a +2 cloak of willpower (worn)
 r - a +1 pair of boots (worn)
 x - a +3 leather armour
 y - the +1 robe of Biorac {Contam rC++}
   (You bought it in a shop on level 3 of the Dungeon)

   rC:        It greatly protects you from cold.
   Contam:    It causes magical contamination when unequipped.
 B - a +2 buckler (worn)
 D - the +0 leather armour of Creativity (worn) {*Corrode rElec rN+ Will+}
   (You took it off an orc on level 4 of the Dungeon)

   rElec:     It insulates you from electricity.
   rN:        It protects you from negative energy.
   *Corrode:  It may corrode you when you take damage.
   Will:      It increases your willpower.
 H - the +0 robe "Demobyom" {rElec}
   (You found it on level 5 of the Dungeon)

   rElec:     It insulates you from electricity.
 I - a +1 helmet of intelligence (worn)
Magical Staves
 L - the staff of death "Neenidda" {rN+ Int+3 Dex+3}
   (You found it on level 12 of the Dungeon)

   [staff of death]

   Base accuracy: +5 Base damage: 5 Base attack delay: 1.2 This weapon's minimum
   attack delay (0.6) is reached at skill level 12.
   Int:       It affects your intelligence (+3).
   Dex:       It affects your dexterity (+3).
   rN:        It protects you from negative energy.
   It falls into the 'Staves' category.
   It is a one-handed weapon.
 M - the staff of poison "Rireste" (weapon) {rPois Int+7}
   (You found it on level 7 of the Dungeon)

   [staff of poison]

   Base accuracy: +5 Base damage: 5 Base attack delay: 1.2 This weapon's minimum
   attack delay (0.6) is reached at skill level 12.
   Int:       It affects your intelligence (+7).
   rPois:     It protects you from poison.
   It falls into the 'Staves' category.
   It is a one-handed weapon.
 O - a staff of air
 S - a staff of earth
 T - a staff of fire
Jewellery
 a - the ring of Bupoerr (right hand) {Int+6 Dex+3}
   (You found it on level 3 of the Lair of Beasts)

   [ring of intelligence]

   Int:       It affects your intelligence (+6).
   Dex:       It affects your dexterity (+3).
 i - the amulet "Leithaq" (around neck) {Reflect rCorr Str+4 SH+5}
   (You acquired it on level 15 of the Dungeon)

   [amulet of reflection]

   It reflects blocked missile attacks.
   Str:       It affects your strength (+4).
   rCorr:     It protects you from acid and corrosion.
   SH:        It affects your SH (+5).
 v - a ring of ice
 C - a ring of see invisible
 G - the ring "Rualoen" {rC++ Dex+6 Stlth-}
   (You found it on level 4 of the Lair of Beasts)

   [ring of dexterity]

   Dex:       It affects your dexterity (+6).
   rC:        It greatly protects you from cold.
   Stlth:     It makes you less stealthy.
 P - an amulet of regeneration
 Q - a ring of magical power (left hand)
 R - a ring of poison resistance
Wands
 g - a wand of paralysis (2)
 z - a wand of quicksilver (8)
 E - a wand of flame (8)
 F - a wand of mindburst (8)
 U - a wand of polymorph (5)
 X - a wand of iceblast (15)
Scrolls
 f - 7 scrolls of immolation
 h - 2 scrolls of amnesia
 k - 6 scrolls of teleportation
 n - 12 scrolls of magic mapping
 p - 2 scrolls of vulnerability
 t - 2 scrolls of fog
 u - 2 scrolls of silence
 A - 5 scrolls of poison
Potions
 b - a potion of berserk rage
 c - a potion of haste
 e - 3 potions of resistance
 j - a potion of might
 o - 5 potions of ambrosia
 s - 6 potions of cancellation
 w - 2 potions of lignification
 V - a potion of magic
 Y - a potion of attraction
 Z - 2 potions of brilliance
Miscellaneous
 J - a lightning rod (2/4)
 K - a condenser vane (inert)


   Skills:
 - Level 2.5 Dodging
 - Level 3.6 Stealth
 - Level 3.6 Shields
 + Level 12.6 Spellcasting
 + Level 10.3 Conjurations
 - Level 8.1 Hexes
 - Level 11.0 Summonings
 - Level 5.2 Necromancy
 - Level 6.5 Transmutations
 - Level 10.0 Fire Magic
 - Level 10.0 Earth Magic
 - Level 10.2 Poison Magic
 - Level 10.0 Evocations


You had 3 spell levels left.
You knew the following spells:

 Your Spells              Type           Power      Damage    Failure   Level
a - Dispel Undead         Necr           59%        3d21      2%          4
b - Stone Arrow           Conj/Erth      100%       3d13      1%          3
c - Poisonous Vapours     Pois/Air       100%       N/A       1%          2
d - Petrify               Tmut/Erth      72%        N/A       1%          4
e - Mephitic Cloud        Conj/Pois/Air  85%        N/A       1%          3
f - Dazzling Flash        Conj/Hex       100%       N/A       1%          3
g - Inner Flame           Hex/Fire       75%        N/A       1%          3
h - Call Canine Familiar  Summ           82%        N/A       1%          3
i - Summon Guardian Gole  Hex/Summ       77%        N/A       1%          3
j - Yara's Violent Unrav  Hex/Tmut       34%        3d14      3%          5
k - Iskenderun's Battles  Conj           80%        2d13      1%          5

Your spell library contained the following spells:

 Spells                   Type           Power      Damage    Failure   Level
 Beastly Appendage        Tmut           100%       N/A       1%          1
 Magic Dart               Conj           100%       1d8       1%          1
 Necrotise                Necr           100%       1d9       1%          1
 Sandblast                Erth           100%       2d20      1%          1
 Shock                    Conj/Air       100%       1d9       1%          1
 Summon Small Mammal      Summ           100%       N/A       1%          1
 Call Imp                 Summ           100%       N/A       1%          2
 Momentum Strike          Conj/Tloc      100%       3d10      1%          2
 Passwall                 Tmut/Erth      60%        N/A       1%          2
 Static Discharge         Conj/Air       100%       2-7/arc   1%          2
 Wereblood                Tmut           65%        N/A       1%          2
 Tukima's Dance           Hex            71%        N/A       1%          3
 Volatile Blastmotes      Fire/Tloc      100%       2d18      1%          3
 Apportation              Tloc           46%        N/A       2%          1
 Lesser Beckoning         Tloc           46%        N/A       3%          2
 Animate Armour           Summ/Erth      100%       N/A       1%          4
 Flame Wave               Conj/Fire      80%        2d17      1%          4
 Fulminant Prism          Conj/Hex       38%        3d18      1%          4
 Sticky Flame             Conj/Fire      80%        2d9       1%          4
 Irradiate                Conj/Tmut      36%        3d23      1%          5
 Animate Dead             Necr           59%        N/A       2%          4
 Summon Lightning Spire   Summ/Air       60%        N/A       2%          4
 Alistair's Intoxication  Tmut/Pois      62%        N/A       2%          5
 Borgnjor's Vile Clutch   Necr/Erth      35%        N/A       3%          5
 Blade Hands              Tmut           32%        N/A       4%          5
 Ice Form                 Ice/Tmut       48%        N/A       6%          4
 Agony                    Necr           59%        N/A       8%          5
 Eringya's Noxious Bog    Tmut/Pois      46%        N/A       12%         6
 Silence                  Hex/Air        26%        N/A       13%         5
 Freezing Cloud           Conj/Ice/Air   25%        6-21      16%         5
 Summon Hydra             Summ           41%        N/A       22%         7
 Airstrike                Air            11%        2d(2-18)  24%         4
 Passage of Golubria      Tloc           23%        N/A       24%         4
 Death Channel            Necr           29%        N/A       41%         6
 Haunt                    Necr/Summ      36%        N/A       58%         7
 Malign Gateway           Summ/Tloc      30%        N/A       91%         7
 Dispersal                Tloc           11%        N/A       98%         6
 Storm Form               Tmut/Air       24%        N/A       99%         7
 Infestation              Necr           29%        N/A       100%        8
 Cigotuvi's Dreadful Rot  Necr/Pois/Air  Unusable   N/A       N/A         2
 Sublimation of Blood     Necr           Unusable   N/A       N/A         2

Dungeon Overview and Level Annotations

Branches:
Dungeon (15/15)            Temple (1/1) D:4            Lair (5/5) D:9
  Swamp (0/4) Lair:3       Spider (2/4) Lair:3        Slime (1/5) Lair:5
    Orc (2/2) D:11            Elf (0/3) Orc:2        Vaults (0/5) D:13
 Depths (0/4) D:15

Altars:
Ashenzari
Cheibriados
Dithmenos
Elyvilon
Fedhas
Gozag
Hepliaklqana
Kikubaaqudgha
Makhleb
Nemelex Xobeh
Okawaru
Qazlal
Ru
Sif Muna
Trog
Uskayaw
Vehumet
Wu Jian
Xom
Yredelemnul
Zin
The Shining One
Jiyva

Shops:
D:3 *   Orc:2 =[(*

Annotations:
D:12 2 transporters, grguerra's ghost, journeyman MiFi
Lair:2 exclusion: 4 oklob plants
Spider:2 exclusion: 2 ice statues


Innate Abilities, Weirdness & Mutations

You are immune to sickness and miasma.
Your stone body is resilient. (AC +12)
You are immune to poison.
Your large and strong wings let you fly.
You resist negative energy. (rN+)
You are resistant to electric shocks. (rElec)
You are resistant to unholy torment.
You are immune to petrification.


Message History

The wolf spider is engulfed in blazing flames.
Sif Muna accepts your kill.
The wolf spider explodes!
The fiery explosion engulfs the jumping spider!
The jumping spider is heavily wounded.
The fiery explosion engulfs your warg!!!
Your warg is almost dead.
The fiery explosion engulfs the broodmother!
The broodmother is moderately wounded.
Your warg disappears in a puff of smoke!
The entropy weaver hits your guardian golem.
The entropy weaver hits your guardian golem but does no damage.
The entropy weaver hits your guardian golem. x2
The jumping spider barely misses you. The jumping spider closely misses you.
The broodmother bites you!!
* * * LOW HITPOINT WARNING * * *
Your battlesphere passes through a web.
Your guardian golem overheats!
You block the redback's attack.
You feel your dexterity returning.
Okay, then.
Aiming: Iceblast
Press: ? - help, Shift-Dir - straight line
Okay, then.
Casting: Poisonous Vapours (safe; 1% risk of failure)
Confirm with . or Enter, or press ? or * to list all spells.
Okay, then.
Okay, then.
Okay, then.
Okay, then.
The entropy weaver hits your guardian golem.
Flame seeps out of your guardian golem.
The entropy weaver hits your guardian golem but does no damage. x3
You block the jumping spider's attack. The jumping spider bites you.
* * * LOW HITPOINT WARNING * * *
Your battlesphere passes through a web.
The redback bites you but does no damage.
You block the redback's attack. The broodmother barely misses you.
Your guardian golem is engulfed in blazing flames.
Flame seeps out of your guardian golem. The redback bites you!
You die...

...# .#..#
.§..# °.§#
#☼.# ##§.##
#°§B.#
###ss9##
#..@s.#
####^..s.#
#..#...*.#
#....#####
#....##
#.....# ###
#...#####..#
#...##.#...##
#....#......#


You could see a broodmother (very poisoned, ally target), an entropy weaver
(inner flame, ally target), a jumping spider (summoned), 2 redbacks, a friendly
guardian golem (summoned, inner flame) and a friendly battlesphere (sheltered).

Vanquished Creatures
  Arachne (Spider:2)
  Gastronok (Lair:2)
  Agnes (Spider:2)
  An emperor scorpion (Spider:2)
  A ghost moth (Spider:2)
  An orc warlord (Orc:2)
  The ghost of Vufrucs the Grappler, a journeyman DrTm of Wu Jian (Lair:4)
  Nessos (Lair:5)
  9 spark wasps
  2 entropy weavers
  2 vault guards (D:13)
  2 hydras
  Erica (D:8)
  6 centaur warriors
  A radroach (Spider:2)
  5 boulder beetles
  2 catoblepae
  A tengu warrior (D:7)
  2 death yaks (Lair:4)
  An orc high priest (Orc:2)
  3 two-headed ogres
  Urug (D:13)
  Nergalle (Lair:1)
  3 skeletal warriors (D:12)
  Amaemon (Lair:3)
  2 skysharks (Lair:2)
  A pharaoh ant (Spider:1)
  7 orb spiders
  A sun moth (Spider:2)
  A wizard (D:15)
  A steelbarb worm (Spider:2)
  4 wolf spiders
  5 orc knights
  10 ugly things (D:15)
  A necromancer (D:15)
  5 cyclopes
  4 manticores
  A deep elf pyromancer (D:13)
  8 orc sorcerers
  7 elephants
  2 centaur zombies (D:15)
  3 black mambas
  Maurice (D:9)
  2 demonic crawlers
  12 cane toads
  4 torpor snails
  4 gargoyles
  A yaktaur (shapeshifter) (D:15)
  4 kobold demonologists
  6 komodo dragons
  An orange demon (Lair:3)
  4 rime drakes (Lair:2)
  An efreet (D:15)
  A freezing wraith (D:14)
  A queen bee (Lair:2)
  9 hornets
  5 polar bears
  5 trolls
  10 blink frogs
  11 tarantellas
  A dream sheep (Lair:4)
  9 jumping spiders
  17 slime creatures
  A shadow (D:9)
  8 culicivoras
  10 spriggans (Lair:5)
  Sigmund (D:2)
  24 yaks
  A hog (shapeshifter) (D:13)
  6 basilisks
  2 wraiths (D:13)
  5 wyverns
  Grum (D:8)
  22 redbacks
  4 vampire mosquitoes
  A warg (Orc:1)
  Edmund (D:4)
  16 water moccasins
  4 acid dragons
  An ice beast (D:6)
  26 orc warriors
  5 sky beasts
  9 black bears
  8 ogres
  23 wolves
  2 boggarts (Lair:5)
  7 centaurs
  6 kobold brigands
  7 bullfrogs
  Blork the orc (D:4)
  5 scorpions
  6 necrophages (Lair:2)
  A gnoll sergeant (D:13)
  5 wights (D:9)
  43 killer bees
  10 howler monkeys
  3 electric eels (Spider:1)
  4 jellies
  14 orc priests
  2 gnoll boudas (D:7)
  4 hounds
  Crazy Yiuf (D:2)
  2 sleepcaps (D:4)
  24 orc wizards
  4 adders
  12 gnolls
  A river rat (Lair:2)
  A shadow imp (D:8)
  A white imp (D:7)
  4 worms
  A dart slug (D:1)
  72 orcs
  2 ball pythons (D:3)
  7 endoplasms
  3 giant cockroaches
  33 goblins
  28 hobgoblins
  24 kobolds
  5 quokkas
  5 bats
  7 rats
759 creatures vanquished.

Vanquished Creatures (collateral kills)
  A spark wasp (Spider:1)
  2 vault guards (D:13)
  2 centaur warriors (D:13)
  2 death yaks (Lair:4)
  A pharaoh ant (Spider:2)
  A skyshark (Lair:5)
  A bog body (Lair:3)
  A steelbarb worm (Spider:2)
  A deep elf pyromancer (D:15)
  A cyclops (D:15)
  2 ugly things (D:15)
  A centaur zombie (D:15)
  3 elephants (Lair:5)
  3 black mambas
  A demonic crawler (Spider:2)
  2 cane toads (Lair:5)
  4 komodo dragons
  A rime drake (Lair:4)
  A freezing wraith (D:14)
  A tengu conjurer (D:15)
  4 hornets (Lair:5)
  A tarantella (Spider:2)
  2 blink frogs (Lair:4)
  4 slime creatures
  5 spriggans (Lair:5)
  A culicivora (Spider:2)
  A yak (Lair:3)
  2 basilisks
  2 redbacks (Spider:2)
  2 wargs (Orc:2)
  5 water moccasins
  4 black bears
  8 orc warriors
  9 wolves
  An ogre (Orc:2)
  A boggart (Lair:5)
  2 centaurs (D:15)
  2 bullfrogs
  An electric eel (Spider:1)
  An orc wizard (Orc:2)
90 creatures vanquished.

Vanquished Creatures (others)
  3 hydras
  2 centaur warriors
  2 death yaks (Lair:4)
  A pharaoh ant (Spider:2)
  An orc knight (D:15)
  A bog body (Lair:3)
  A cyclops (D:15)
  3 ugly things (D:15)
  An elephant (Lair:3)
  A black mamba (shapeshifter) (D:15)
  A komodo dragon (Lair:3)
  An unseen horror (D:13)
  A polar bear (Lair:4)
  3 dream sheep (Lair:4)
  A slime creature (D:14)
  2 yaks (Lair:4)
  2 redbacks (Spider:1)
  A water moccasin (Lair:4)
  A black bear (Lair:3)
  A centaur (D:14)
  132 fungi
  104 plants
  3 toadstools (D:7)
269 creatures vanquished.

Grand Total: 1118 creatures vanquished

Notes
Turn   | Place    | Note
-------+----------+-------------------------------------------
     0 | D:1      | BuckSanders the Gargoyle Earth Elementalist began the quest
                  | for the Orb.
     0 | D:1      | Reached XP level 1. HP: 10/10 MP: 3/3
   195 | D:1      | Reached skill level 1 in Transmutations
   195 | D:1      | Reached XP level 2. HP: 15/15 MP: 1/5
  1009 | D:2      | Noticed Sigmund
  1080 | D:2      | Killed Sigmund
  1081 | D:2      | Reached XP level 3. HP: 12/19 MP: 1/7
  1081 | D:2      | Reached XP level 4. HP: 16/24 MP: 1/8
  1081 | D:2      | Reached XP level 5. HP: 18/28 MP: 1/9
  1156 | D:2      | Learned a level 3 spell: Stone Arrow
  1205 | D:2      | Found a blossoming altar of Fedhas.
  1600 | D:2      | Found a runed translucent door.
  2008 | D:2      | Noticed Crazy Yiuf
  2014 | D:2      | Killed Crazy Yiuf
  2015 | D:2      | Reached skill level 3 in Spellcasting
  2132 | D:3      | Learned a level 2 spell: Poisonous Vapours
  2191 | D:3      | Found a faded altar of an unknown god.
  2293 | D:3      | Reached XP level 6. HP: 32/32 MP: 8/10
  2615 | D:3      | Found a snail-covered altar of Cheibriados.
  2671 | D:3      | Found an opulent altar of Gozag.
  2671 | D:3      | Found a sparkling altar of Nemelex Xobeh.
  2982 | D:3      | Found Fuyrett's Assorted Antiques.
  2989 | D:3      | Bought a scroll labelled PABBYNAIPPO for 24 gold pieces
  2989 | D:3      | Bought 2 scrolls labelled ILADIEHOAT for 48 gold pieces
  2989 | D:3      | Bought a scroll labelled ZOXKUMOVUK for 24 gold pieces
  2989 | D:3      | Bought a scroll labelled GEDEUT LAMO for 24 gold pieces
  3386 | D:4      | Noticed Blork the orc
  3394 | D:4      | Killed Blork the orc
  3395 | D:4      | Reached skill level 1 in Conjurations
  3395 | D:4      | Reached skill level 5 in Earth Magic
  3695 | D:4      | Identified the +0 leather armour of Creativity {*Corrode
                  | rElec rN+ Will+}
  3894 | D:4      | Reached XP level 7. HP: 36/36 MP: 8/12
  3987 | D:4      | Found a staircase to the Ecumenical Temple.
  4004 | Temple   | Entered the Ecumenical Temple
  4056 | Temple   | Became a worshipper of Sif Muna the Loreminder
  4234 | D:4      | Noticed Edmund
  4255 | D:4      | Learned a level 4 spell: Petrify
  4657 | D:4      | Reached * piety under Sif Muna
  5085 | D:4      | Reached ** piety under Sif Muna
  5342 | D:4      | Killed Edmund
  5343 | D:4      | Reached skill level 4 in Spellcasting
  5643 | D:5      | Entered Level 5 of the Dungeon
  5653 | D:5      | Reached XP level 8. HP: 35/41 MP: 8/14
  5726 | D:5      | Identified the +0 robe "Demobyom" {rElec}
  6287 | D:6      | Found a shimmering altar of Xom.
  6299 | D:6      | Found a glowing golden altar of the Shining One.
  6479 | D:6      | You fall into a shaft and drop 2 floors!
  6515 | D:7      | Noticed a tengu warrior
  6519 | D:7      | Reached skill level 5 in Spellcasting
  6523 | D:7      | Killed a tengu warrior
  6524 | D:7      | Reached skill level 5 in Transmutations
  6524 | D:7      | Reached XP level 9. HP: 9/45 MP: 9/17
  6528 | D:7      | Reached skill level 6 in Spellcasting
  6688 | D:7      | Identified the staff of poison "Rireste" {rPois Int+7}
  6709 | D:7      | Learned a level 3 spell: Mephitic Cloud
  6713 | D:7      | Learned a level 3 spell: Dazzling Flash
  6753 | D:7      | Reached skill level 1 in Evocations
  7172 | D:7      | Found a blossoming altar of Fedhas.
  8072 | D:8      | Found a stormy altar of Qazlal.
  8227 | D:8      | Reached *** piety under Sif Muna
  8398 | D:8      | Reached XP level 10. HP: 50/50 MP: 10/20
  8483 | D:8      | Noticed Grum
  8496 | D:8      | Killed Grum
  8497 | D:8      | Reached skill level 7 in Spellcasting
  8765 | D:8      | Noticed Erica
  8960 | D:8      | Killed Erica
  9151 | D:9      | Found an iron altar of Okawaru.
  9327 | D:9      | Reached skill level 10 in Earth Magic
  9379 | D:9      | Reached skill level 8 in Spellcasting
  9519 | D:9      | Identified the +3 shortbow of Oozing Pus {heavy, rN+ Will-
                  | Dex+3}
  9838 | D:9      | Reached **** piety under Sif Muna
  9914 | D:9      | Noticed Maurice
  9928 | D:9      | Killed Maurice
  9929 | D:9      | Reached skill level 9 in Spellcasting
  9929 | D:9      | Reached XP level 11. HP: 47/54 MP: 5/24
 10331 | D:9      | Found a staircase to the Lair.
 10666 | D:9      | Noticed a two-headed ogre
 10674 | D:9      | Killed a two-headed ogre
 10675 | D:9      | Reached skill level 10 in Spellcasting
 10983 | D:9      | Reached skill level 1 in Poison Magic
 11291 | D:10     | Entered Level 10 of the Dungeon
 11996 | D:10     | Noticed a two-headed ogre
 11998 | D:10     | Killed a two-headed ogre
 12491 | D:11     | Reached skill level 5 in Poison Magic
 12647 | D:11     | Noticed a manticore
 12654 | D:11     | Killed a manticore
 13169 | D:11     | Learned a level 3 spell: Inner Flame
 13171 | D:11     | Learned a level 1 spell: Necrotise
 13193 | D:11     | Found a staircase to the Orcish Mines.
 13375 | D:11     | Noticed a cyclops
 13435 | D:11     | Found Diynob's Magic Scroll Shop.
 13439 | D:11     | Bought a scroll of noise for 13 gold pieces
 13439 | D:11     | Bought a scroll of teleportation for 39 gold pieces
 13439 | D:11     | Bought a scroll of blinking for 97 gold pieces
 13439 | D:11     | Bought a scroll of vulnerability for 52 gold pieces
 13439 | D:11     | Bought a scroll of poison for 52 gold pieces
 13439 | D:11     | Bought a scroll of teleportation for 39 gold pieces
 13439 | D:11     | Bought a scroll of teleportation for 39 gold pieces
 13439 | D:11     | Bought a scroll of identify for 26 gold pieces
 13439 | D:11     | Bought a scroll of identify for 26 gold pieces
 13572 | D:11     | Killed a cyclops
 14264 | D:12     | Noticed a cyclops
 14279 | D:12     | Learned a level 4 spell: Sticky Flame
 14294 | D:12     | Noticed a centaur warrior
 14303 | D:12     | Killed a centaur warrior
 14430 | D:12     | Reached XP level 12. HP: 59/59 MP: 26/26
 14590 | D:12     | Learned a level 5 spell: Yara's Violent Unravelling
 14756 | D:12     | Found a transporter.
 14756 | D:12     | Noticed a two-headed ogre
 14756 | D:12     | Noticed a two-headed ogre
 14760 | D:12     | Noticed grguerra's ghost (journeyman MiFi)
 15025 | D:12     | Found a transporter.
 15027 | D:12     | Noticed a two-headed ogre
 15028 | D:12     | Noticed a two-headed ogre
 15028 | D:12     | Noticed a two-headed ogre
 15029 | D:12     | Noticed a two-headed ogre
 15745 | D:12     | Reached skill level 10 in Poison Magic
 15854 | D:13     | Noticed a centaur warrior
 15858 | D:13     | Noticed a five-headed hydra
 15899 | D:13     | Noticed Urug
 15927 | D:13     | Found a stormy altar of Qazlal.
 15928 | D:13     | Reached skill level 1 in Fire Magic
 15974 | D:13     | HP: 1/59 [centaur warrior/arrow (19)]
 16120 | D:13     | Identified the +2 robe of the Other World {Int+4 Dex-4}
 16534 | D:13     | Killed a five-headed hydra
 16949 | D:13     | Reached skill level 5 in Fire Magic
 16952 | D:13     | Learned a level 2 spell: Passwall
 16982 | D:13     | Noticed a centaur warrior
 16989 | D:13     | Killed a centaur warrior
 17563 | D:13     | Noticed a two-headed ogre
 17571 | D:13     | Killed a two-headed ogre
 17576 | D:13     | Killed Urug
 17584 | D:13     | Noticed a vault guard
 17797 | D:12     | Identified the staff of death "Neenidda" {rN+ Int+3 Dex+3}
 19356 | D:3      | Bought a potion of heal wounds for 120 gold pieces
 19356 | D:3      | Bought a slimy robe for 136 gold pieces
 19356 | D:3      | Identified the +1 robe of Biorac {Contam rC++} (You bought
                  | it in a shop on level 3 of the Dungeon)
 19734 | D:13     | Reached XP level 13. HP: 63/63 MP: 0/27
 19943 | D:13     | Noticed a vault guard
 20001 | D:13     | Noticed a vault guard
 20041 | D:13     | Noticed a vault guard
 20195 | Lair:1   | Entered Level 1 of the Lair of Beasts
 20279 | Lair:1   | Noticed Nergalle
 20288 | Lair:1   | Killed Nergalle
 21128 | Lair:1   | Reached skill level 10 in Fire Magic
 21352 | Lair:1   | You fall into a shaft and drop 1 floor!
 21359 | Lair:2   | Reached skill level 1 in Hexes
 21561 | Lair:2   | Reached ***** piety under Sif Muna
 22283 | Lair:2   | Reached skill level 5 in Hexes
 22284 | Lair:2   | Received a gift from Sif Muna
 23456 | Lair:2   | Noticed Gastronok
 23671 | Lair:2   | Killed Gastronok
 24682 | Lair:2   | Got Gyeh Vauph's Teachings on Reconstruction and Bringing
                  | Forth {god gift}
 24688 | Lair:2   | Learned a level 3 spell: Summon Guardian Golem
 24694 | Lair:2   | Learned a level 3 spell: Call Canine Familiar
 25370 | D:11     | Bought a scroll of immolation for 52 gold pieces
 25682 | Lair:3   | Reached skill level 1 in Summonings
 25863 | Lair:3   | Noticed Amaemon
 25894 | Lair:3   | Killed Amaemon
 25895 | Lair:3   | Gained mutation: Your large and strong wings let you fly.
                  | [Gargoyle growth]
 25895 | Lair:3   | Reached XP level 14. HP: 42/68 MP: 3/28
 26240 | Lair:3   | Found a staircase to the Swamp.
 26817 | Lair:3   | Found a hole to the Spider Nest.
 26825 | Lair:3   | Reached skill level 5 in Summonings
 27649 | Lair:3   | Identified the ring of Bupoerr {Int+6 Dex+3}
 28042 | Lair:4   | Found a runed translucent door.
 28042 | Lair:4   | Noticed Vufrucs's ghost (journeyman DrTm)
 28803 | Lair:4   | Identified the ring "Rualoen" {rC++ Dex+6 Stlth-}
 29746 | Lair:5   | Entered Level 5 of the Lair of Beasts
 30332 | Lair:5   | Found a staircase to the Slime Pits.
 30332 | Lair:5   | Found a viscous altar of Jiyva.
 30480 | Lair:5   | Reached skill level 10 in Summonings
 30498 | Lair:5   | Received a gift from Sif Muna
 30501 | Lair:5   | Got Sif Muna's Discourse on Coarse Feathers {god gift}
 30712 | Lair:5   | Reached XP level 15. HP: 61/72 MP: 12/29
 31164 | Lair:5   | Reached skill level 1 in Necromancy
 31909 | Lair:5   | Noticed Nessos
 31919 | Lair:5   | Killed Nessos
 33096 | Lair:5   | Learned a level 4 spell: Dispel Undead
 33295 | Lair:4   | Killed Vufrucs's ghost
 33374 | Lair:4   | Learned a level 4 spell: Petrify
 33549 | Orc:1    | Entered Level 1 of the Orcish Mines
 33597 | Orc:1    | Reached skill level 5 in Necromancy
 33885 | Orc:1    | Found a runed translucent door.
 34174 | Orc:1    | Identified the +5 ring mail of Oreaneuts {Str+6 Int+3}
 35236 | Orc:2    | Entered Level 2 of the Orcish Mines
 35355 | Orc:2    | Reached skill level 1 in Shields
 35508 | Orc:2    | Paralysed by an orc sorcerer for 5 turns
 36412 | Orc:2    | Noticed an orc warlord
 36434 | Orc:2    | Killed an orc warlord
 36648 | Orc:1    | Found a bloodstained altar of Trog.
 36672 | Orc:1    | Reached skill level 5 in Evocations
 36971 | Orc:2    | Received a gift from Sif Muna
 36976 | Orc:2    | Got Sif Muna's Writings on Nonlocality {god gift}
 36977 | Orc:2    | Found Saus Diph's Antique Weapon Shoppe.
 37194 | Orc:2    | Found Rudeped's Antique Armour Boutique.
 37206 | Orc:2    | Bought a shiny helmet for 217 gold pieces
 37541 | Orc:2    | Found a staircase to the Elven Halls.
 37542 | Orc:2    | Found Ibloed's Jewellery Shoppe.
 37798 | Orc:2    | Found Tuhav's General Store.
 37807 | Orc:2    | Bought a scroll of acquirement for 676 gold pieces
 37807 | Orc:2    | Bought a +2 leather armour of fire resistance for 247 gold
                  | pieces
 39095 | D:13     | Learned a level 4 spell: Animate Dead
 39117 | D:13     | Found a gate to the Vaults.
 39237 | D:13     | Learned a level 4 spell: Dispel Undead
 40767 | D:14     | Reached XP level 16. HP: 76/76 MP: 30/30
 40932 | D:14     | Acquired 1114 gold pieces
 40987 | D:15     | Entered Level 15 of the Dungeon
 41414 | D:15     | Found a hide-covered altar of Uskayaw.
 42602 | D:15     | Reached skill level 10 in Evocations
 42713 | D:15     | Reached skill level 5 in Conjurations
 42910 | D:15     | Acquired the amulet "Leithaq" {Reflect rCorr Str+4 SH+5}
 42928 | D:15     | Acquired 682 gold pieces
 43307 | D:15     | Found a staircase to the Depths.
 44152 | Slime:1  | Entered Level 1 of the Pits of Slime
 44734 | Spider:1 | Entered Level 1 of the Spider Nest
 45599 | Spider:1 | Reached skill level 11 in Spellcasting
 46823 | Spider:2 | Found a frozen archway.
 47591 | Spider:2 | Received a gift from Sif Muna
 47592 | Spider:2 | Got Sif Muna's Quarto of Conflict {god gift}
 47675 | Spider:2 | Learned a level 5 spell: Iskenderun's Battlesphere
 48628 | Spider:2 | Reached XP level 17. HP: 80/80 MP: 26/32
 48720 | Spider:2 | Reached skill level 12 in Spellcasting
 49027 | Spider:2 | Noticed Agnes
 49039 | Spider:2 | Killed Agnes
 49410 | Spider:2 | Noticed Arachne
 49420 | Spider:2 | Killed Arachne
 50050 | Spider:2 | Reached skill level 10 in Conjurations
 50676 | Spider:2 | HP: 2/80 [broodmother (24)]
 50677 | Spider:2 | Mangled by a redback

Illustrated notes

Levels and vault maps discovered:
D:1:      eino_arrival_cavern_e, layout_loops_ring
D:2:      layout_basic, basic_altar, uniq_sigmund, uniq_crazy_yiuf_cottage
D:3:      layout_loops_corners, grunt_temple_overflow_opulence,
          cheibriados_altar_1, nicolae_ecumenical_lake_church, serial_shops,
          nicolae_shop_just_a_little_nook
D:4:      minmay_goblin_kobold_castle, layout_loops_corners,
          minmay_temple_entry_waves, hellmonk_no_cap, uniq_blork_the_orc,
          uniq_edmund
D:5:      layout_basic
D:6:      minmay_chambers_of_fours, layout_rooms, amcnicky_altar_gilded,
          old_standard_altar, serial_curves, eino_curves_03, eino_curves_03,
          eino_curves_01
D:7:      minmay_the_grid_four_pointed_star
          [minmay_the_grid_triangle_9x9_zippers_vertical,
          minmay_the_grid_triangle_9x9_sprig,
          minmay_the_grid_triangle_9x9_cache,
          minmay_the_grid_triangle_9x9_checkered,
          minmay_the_grid_prize_diamond_cup], layout_basic, fedhas_altar_4,
          minmay_gold_behind_fungi, grunt_ministairs_5
D:8:      layout_basic, nicolae_qazlal_eye_of_the_storm,
          minmay_fractal_squares_gapless_5, uniq_erica, uniq_grum
D:9:      layout_basic, okawaru_trees_1, due_lair_maze_entry_diamond,
          hangedman_abyss_or_decor_stagger, uniq_maurice
D:10:     layout_loops_cross
D:11:     layout_roguey, david_orc_3, serial_shops, nicolae_shop_rolled_up,
          dreamdust_mushroom_princess
D:12:     layout_stronghold, gammafunk_ghost_smash,
          onia_ninara_dug_in_and_dangerous
D:13:     layout_stronghold, lightli_vaults_fourway_checkpoint,
          minmay_ruined_shrine, uniq_urug
D:14:     layout_cross, minmay_misc_feat_chi
D:15:     grunt_enter_depths_magical_seal, layout_loops_corners,
          nicolae_uskayaw_murder_on_the_dancefloor, hex_tiny
Temple:   zaba_magenta_temple
Lair:1:   layout_cellular_growth, chequers_serial_rivers_room_a,
          grunt_megastairs_4, uniq_nergalle
Lair:2:   hangedman_what_comes_after_a, layout_gridlike, roderic_carrion_pond,
          lemuel_fruit_fields, uniq_gastronok
Lair:3:   cheibrodos_lair_overgrown_chateau, layout_cave_shapes,
          skrybe_swamp_entry_bodies, nicolae_spider_entry_orb_guardian,
          uniq_amaemon
Lair:4:   layout_concentric_octagons, hellmonk_ghost_happy_afterlife
Lair:5:   minmay_lair_end_enchanted_forest, layout_hall_layers, slime_entry_1,
          uniq_nessos
Spider:1: layout_spider_delve, nicolae_spider_bzzzt
Spider:2: nicolae_spider_hilbert_zone_1 [nicolae_spider_hilbert_4_sides_1_open,
          nicolae_spider_hilbert_4_sides_1_open,
          nicolae_spider_hilbert_4_sides_1_open,
          nicolae_spider_hilbert_4_sides_1_open,
          nicolae_spider_hilbert_3_sides_1_open,
          nicolae_spider_hilbert_3_sides_1_open,
          nicolae_spider_hilbert_3_sides_1_open,
          nicolae_spider_hilbert_3_sides_1_open,
          nicolae_spider_hilbert_3_sides_1_open,
          nicolae_spider_hilbert_6_sides_1_open,
          nicolae_spider_hilbert_6_sides_1_open,
          nicolae_spider_hilbert_3_sides_1_open,
          nicolae_spider_hilbert_3_sides_1_open,
          nicolae_spider_hilbert_3_sides_1_open,
          nicolae_spider_hilbert_3_sides_1_open,
          nicolae_spider_hilbert_2_sides_1_open],
          portal_ice_cave_entry_ice_statue_two, nicolae_spider_orb_run,
          uniq_agnes, uniq_arachne
Slime:1:  layout_caves
Orc:1:    layout_caves, basic_altar, lightli_church_of_beogh
Orc:2:    grunt_orc_gardens, layout_caves, grunt_orc_garden, grunt_orc_garden,
          grunt_orc_garden, grunt_orc_garden, nicolae_orc_lava_tube,
          mines2_david

Skill      XL: |  1  2  3  4  5  6  7  8  9 10 11 12 13 14 15 16 17 |
---------------+----------------------------------------------------+-----
Transmutations | 1 2 3 5 6 |  6.5
Dodging        | 2 |  2.5
Stealth        | 3 |  3.6
Earth Magic    | 4 5 6 8 9 10 | 10.0
Spellcasting   | 3 4 5 6 9 10 11 12 | 12.6
Conjurations   | 1 3 4 9 10 | 10.3
Evocations     | 2 3 8 10 | 10.0
Poison Magic   | 8 10 | 10.2
Fire Magic     | 8 10 | 10.0
Hexes          | 8 |  8.1
Summonings     | 2 10 11 | 11.0
Necromancy     | 5 |  5.2
Shields        | 3 |  3.6

Action                     |  1- 3 |  4- 6 |  7- 9 | 10-12 | 13-15 | 16-18 || total
---------------------------+-------+-------+-------+-------+-------+-------++-------
  Melee: Staff             |       |       |     2 |     1 |   198 |    42 ||   243
   Cast: Sandblast         |    25 |    76 |   160 |    65 |   103 |       ||   429
         Stone Arrow       |       |       |    33 |   213 |   226 |    75 ||   547
         Poisonous Vapours |       |       |     1 |    77 |   174 |   141 ||   393
         Petrify           |       |       |       |    44 |   128 |    38 ||   210
         Mephitic Cloud    |       |       |       |     5 |    31 |     7 ||    43
         Inner Flame       |       |       |       |    32 |   104 |    89 ||   225
         Necrotise         |       |       |       |     9 |     9 |       ||    18
         Passwall          |       |       |       |     2 |     1 |       ||     3
         Yara's Violent Un |       |       |       |     2 |    12 |     4 ||    18
         Dazzling Flash    |       |       |       |       |    18 |    10 ||    28
         Sticky Flame      |       |       |       |       |     4 |       ||     4
         Summon Guardian G |       |       |       |       |    55 |    49 ||   104
         Call Canine Famil |       |       |       |       |    91 |    57 ||   148
         Dispel Undead     |       |       |       |       |     6 |       ||     6
         Iskenderun's Batt |       |       |       |       |       |    33 ||    33
 Invoke: Forget Spell      |       |       |       |       |     5 |       ||     5
  Evoke: Wand              |       |       |       |    17 |    44 |     6 ||    67
         Lightning rod     |       |       |       |     8 |     8 |     3 ||    19
         Condenser vane    |       |       |       |       |     3 |     1 ||     4
    Use: Scroll            |       |     7 |     4 |    18 |    17 |    17 ||    63
         Potion            |       |       |     2 |     4 |     9 |     3 ||    18
   Stab: Petrified         |       |       |       |       |    31 |     6 ||    37
         Petrifying        |       |       |       |       |     5 |     1 ||     6
         Invisible         |       |       |       |       |     1 |       ||     1
         Paralysed         |       |       |       |       |     1 |       ||     1
         Distracted        |       |       |       |       |       |     1 ||     1
 Armour: Robe              |     1 |     5 |       |       |       |       ||     6
         Leather armour    |       |    10 |    90 |   101 |   435 |   109 ||   745
         Skin              |       |       |       |     1 |       |       ||     1
  Dodge: Dodged            |     3 |    20 |    63 |    96 |   422 |    74 ||   678
  Block: Buckler           |       |       |       |       |    45 |   112 ||   157
         Reflection        |       |       |       |       |       |     2 ||     2
